 Dungeon Crawl Stone Soup version 0.24-a0-530-g18ba70b503 (webtiles) character file.

Game seed: 1970447043874672193

5050 BinkBink the Slicer (level 10, -1/115 HPs)
             Began as a Demonspawn Gladiator on Aug 7, 2019.
             Was an Elder of Okawaru.
             Slain by Snorg (4 damage)
             ... on level 10 of the Dungeon.
             The game lasted 00:16:06 (8187 turns).

BinkBink the Slicer (Demonspawn Gladiator)          Turns: 8187, Time: 00:16:07

Health: -1/115     AC: 32    Str: 14    XL:     10   Next: 30%
Magic:  0/10       EV:  2    Int: 10    God:    Okawaru [****..]
Gold:   539        SH:  0    Dex: 23    Spells: 9/9 levels left

rFire    . . .     SeeInvis .   z - +7 pair of quick blades "Gyre" and "Gimble" {protect}
rCold    . . .     Gourm    .   (shield currently unavailable)
rNeg     + + +     Faith    .   (armour currently unavailable)
rPois    +         Spirit   +   (helmet currently unavailable)
rElec    .         Reflect  .   (cloak currently unavailable)
rCorr    .         Harm     .   (gloves currently unavailable)
MR       .....     NoTele   +   (boots currently unavailable)
Stlth    +++++++...             (no amulet)
HPRegen  0.29/turn              B - ring of stealth
MPRegen  0.12/turn              (no ring)

@: agile, tree-form, protection aura, studying Slings
A: nightstalker 1, magic shield
a: Heroism, Renounce Religion


You were on level 10 of the Dungeon.
You worshipped Okawaru.
Okawaru was greatly pleased with you.
You were hungry.
You were a tree.
You visited 2 branches of the dungeon, and saw 11 of its levels.
You also visited: Ossuary.

You collected 539 gold pieces.

Inventory:

Hand Weapons
 a - a +0 trident
 z - the +7 pair of quick blades "Gyre" and "Gimble" (weapon) {protect}
   (You found it on level 5 of the Dungeon)

   It grants its wielder temporary protection when it strikes (+7 to AC).
Missiles
 d - 7 throwing nets (quivered)
Armour
 b - a +0 leather armour (melded)
 c - +0 fire dragon scales
 e - a +0 pair of gloves (melded)
 x - a +0 cloak (melded)
 A - a +0 shield
Jewellery
 B - a ring of stealth (left branch)
 D - a +2 ring of slaying {unknown}
 E - an uncursed ring of wizardry {unknown}
Wands
 m - a wand of acid (11)
 n - a wand of random effects (27)
 v - a wand of iceblast (7)
 y - a wand of flame (36)
Scrolls
 h - 10 scrolls of identify {unknown}
 j - 3 scrolls of teleportation {unknown}
 k - 3 scrolls of blinking {unknown}
 l - 5 scrolls of amnesia {unknown}
 o - 4 scrolls of magic mapping {unknown}
 p - 3 scrolls of remove curse {unknown}
 s - 3 scrolls of fear {unknown}
 u - 4 scrolls of enchant weapon {unknown}
 G - 2 scrolls of vulnerability {unknown}
 I - 2 scrolls of random uselessness {unknown}
Potions
 i - 7 potions of curing
 q - 4 potions of agility
 r - 2 potions of lignification
 t - a potion of berserk rage {unknown}
 w - 2 potions of flight {unknown}
 C - 2 potions of might {unknown}
 F - a potion of resistance {unknown}
Books
 H - a manual of Slings
Comestibles
 f - 18 rations


   Skills:
 + Level 6.5 Fighting
 - Level 8.0 Short Blades
 + Level 6.1 Polearms
 + Level 1.8 Throwing
 + Level 3.8 Armour
 + Level 5.1 Dodging
 + Level 5.9 Stealth
 + Level 1.2 Shields


You had 9 spell levels left.
You didn't know any spells.
Your spell library contained the following spells:

 Spells                   Type           Power        Failure   Level  Hunger
 Animate Skeleton         Necr           N/A          36%         1    ##.....
 Apportation              Tloc           #.....       36%         1    ##.....
 Beastly Appendage        Tmut           #.....       36%         1    ##.....
 Confusing Touch          Hex            #.....       36%         1    ##.....
 Corona                   Hex            #......      36%         1    ##.....
 Shock                    Conj/Air       #...         36%         1    ##.....
 Summon Small Mammal      Summ           #...         36%         1    ##.....
 Call Imp                 Summ           #.......     50%         2    ###....
 Corpse Rot               Necr           N/A          50%         2    ###....
 Ensorcelled Hibernation  Hex/Ice        #.....       50%         2    ###....
 Sticks to Snakes         Tmut           #.......     50%         2    ###....
 Sublimation of Blood     Necr           #.........   50%         2    ###....
 Swiftness                Chrm/Air       #.......     50%         2    ###....
 Call Canine Familiar     Summ           #.......     75%         3    ####...
 Confuse                  Hex            #.......     75%         3    ####...
 Dazzling Spray           Conj/Hex       #.....       75%         3    ####...
 Spider Form              Tmut/Pois      #.........   75%         3    ####...
 Static Discharge         Conj/Air       #.......     75%         3    ####...
 Summon Guardian Golem    Hex/Summ       #.......     75%         3    ####...
 Tukima's Dance           Hex            #.......     75%         3    ####...
 Airstrike                Air            #.........   98%         4    #####..
 Ice Form                 Ice/Tmut       #.......     98%         4    #####..
 Summon Ice Beast         Ice/Summ       #.......     98%         4    #####..
 Summon Lightning Spire   Summ/Air       #.......     98%         4    #####..
 Agony                    Necr           #.......     100%        5    ######.
 Blade Hands              Tmut           #.........   100%        5    ######.
 Bolt of Draining         Conj/Necr      #.........   100%        5    ######.
 Dispel Undead            Necr           #.......     100%        5    ######.
 Excruciating Wounds      Chrm/Necr      #.........   100%        5    ######.
 Lightning Bolt           Conj/Air       #.........   100%        5    ######.


Dungeon Overview and Level Annotations

Branches:
Dungeon (10/15)            Temple (1/1) D:6
   Lair: D:8-11         Orc: D:9-12

Altars:
Ashenzari
Cheibriados
Dithmenos
Elyvilon
Fedhas
Gozag
Hepliaklqana
Kikubaaqudgha
Makhleb
Nemelex Xobeh
Okawaru
Qazlal
Ru
Sif Muna
Trog
Uskayaw
Vehumet
Wu Jian
Xom
Yredelemnul
Zin
The Shining One

Shops:
D:6 [   D:7 ?(

Annotations:
D:2 1 runed translucent door, Crazy Yiuf
D:10 Snorg


Innate Abilities, Weirdness & Mutations

((You have a pair of horns on your head.))
((You are partially covered in molten scales. (AC +2)))
You are slightly more attuned to the shadows.
When hurt, damage is shared between your health and your magic reserves.


Message History

* * * LOW HITPOINT WARNING * * *
Snorg claws you but does no damage.
You feel better. Snorg bites you but does no damage. Snorg claws you!
* * * LOW HITPOINT WARNING * * *
Snorg claws you but does no damage. Snorg bites you but does no damage.
Snorg claws you.
* * * LOW HITPOINT WARNING * * *
Snorg claws you.
* * * LOW HITPOINT WARNING * * *
Really quaff the potion of lignification?
You are stuck in your current form!
You puncture Snorg!
Your weapon exudes an aura of protection.
You puncture Snorg! You hit Snorg. You puncture Snorg!
Snorg bites you but does no damage. Snorg claws you but does no damage. x2
You puncture Snorg! You hit Snorg.
You puncture Snorg! x2; Snorg bites you but does no damage.
Snorg claws you but does no damage. Snorg claws you.
You die...

######[.....# #....))##'### #.#
#.####.##.# #.#
##.####†##.####### ### #.#
.................. .. #.#
.#.####.##.####### #.##.#
...####.##.# #..#.#
[.......##.###########.#.#####.
................♣T.......>.....
.........#############.†#......
########.##############.#..####
... . #.........##.......#
##########.........##.#.Y...#
.........'.........##.##....#
##########.........##.##....#
#.....†...##.##....# #
#......)...#.##Y...#


You could see Snorg (berserk).

Vanquished Creatures
  Pikel (D:9)
  Prince Ribbit (D:6)
  3 hippogriffs
  Duvessa (D:6)
  A water moccasin (D:9)
  A phantom (D:8)
  An orc warrior (D:10)
  4 slaves (D:9)
  An ice beast (D:8)
  5 ogres
  A necrophage (D:9)
  4 centaurs
  A big kobold (D:10)
  4 bullfrogs
  A wyvern skeleton (D:10)
  3 scorpions
  Dowan (D:6)
  6 killer bees (D:8)
  10 wights (D:6)
  2 howler monkeys
  3 hounds
  2 jellies
  2 bullfrog zombies
  4 bullfrog skeletons
  2 orc priests
  11 orc wizards
  A quasit (D:9)
  An iguana (D:8)
  A centaur skeleton (D:7)
  2 worker ants
  3 big kobold zombies (Ossuary)
  2 mummies (Ossuary)
  4 gnolls (D:7)
  9 adders
  4 shadow imps
  6 oozes
  3 adder skeletons
  2 dart slugs
  5 leopard geckos
  20 orcs
  A ball python (D:1)
  13 bats
  15 giant cockroaches
  8 goblins
  4 hobgoblins
  25 jackals
  9 kobolds
  4 quokkas
  5 frilled lizards
  7 hobgoblin zombies
  4 jackal zombies (Ossuary)
  13 kobold zombies
  2 leopard gecko skeletons
  11 orc zombies (Ossuary)
  5 rats
  A rat zombie (Ossuary)
266 creatures vanquished.

Vanquished Creatures (others)
  A giant cockroach (D:3)
1 creature vanquished.

Grand Total: 267 creatures vanquished

Notes
Turn   | Place    | Note
-------+----------+-------------------------------------------
     0 | D:1      | BinkBink the Demonspawn Gladiator began the quest for the
                  | Orb.
     0 | D:1      | Reached XP level 1. HP: 16/16 MP: 1/1
    60 | D:1      | Gained mutation: You have a pair of small horns on your
                  | head. [demonic ancestry]
    60 | D:1      | Reached XP level 2. HP: 11/22 MP: 2/2
   295 | D:1      | Gained mutation: You have a pair of horns on your head.
                  | [demonic ancestry]
   295 | D:1      | Reached XP level 3. HP: 27/27 MP: 3/3
   876 | D:2      | Gained mutation: You are partially covered in molten
                  | scales. (AC +2) [demonic ancestry]
   876 | D:2      | Reached XP level 4. HP: 13/33 MP: 4/4
  1137 | D:2      | Reached skill level 1 in Stealth
  1181 | D:2      | Reached skill level 1 in Armour
  1325 | D:2      | Found a runed translucent door.
  1326 | D:2      | Noticed Crazy Yiuf
  1751 | D:3      | Reached XP level 5. HP: 39/39 MP: 5/5
  2431 | D:4      | Found a glowing golden altar of the Shining One.
  2434 | D:4      | Found a basalt altar of Yredelemnul.
  2435 | D:4      | Found a hide-covered altar of Uskayaw.
  2698 | D:4      | Noticed an ogre
  2709 | D:4      | Killed an ogre
  2709 | D:4      | Reached XP level 6. HP: 18/47 MP: 6/6
  3014 | D:4      | Reached skill level 5 in Polearms
  3510 | D:5      | Entered Level 5 of the Dungeon
  3829 | D:5      | Found the +7 pair of quick blades "Gyre" and "Gimble"
                  | {protect}
  3844 | D:5      | Reached XP level 7. HP: 30/52 MP: 7/7
  4158 | D:5      | Found a stormy altar of Qazlal.
  4294 | D:5      | Reached skill level 1 in Short Blades
  4294 | D:5      | Reached skill level 1 in Shields
  4609 | D:6      | Noticed Dowan
  4611 | D:6      | Noticed Duvessa
  4617 | D:6      | Killed Dowan
  4629 | D:6      | Killed Duvessa
  4676 | D:6      | Found a staircase to the Ecumenical Temple.
  4680 | D:6      | Reached XP level 8. HP: 46/60 MP: 8/8
  4693 | D:6      | Reached skill level 2 in Short Blades
  4713 | Temple   | Entered the Ecumenical Temple
  4893 | Temple   | Became a worshipper of Warmaster Okawaru
  4996 | D:6      | Reached skill level 3 in Short Blades
  5129 | D:6      | Found Liviyf's Armour Shop.
  5254 | D:6      | Noticed Prince Ribbit
  5261 | D:6      | Killed Prince Ribbit
  5261 | D:6      | Reached skill level 4 in Short Blades
  5329 | D:7      | Found Azxe's Weapon Emporium.
  5338 | D:7      | Reached * piety under Okawaru
  5391 | D:7      | Reached skill level 5 in Short Blades
  5472 | D:7      | Found a glowing silver altar of Zin.
  5555 | D:7      | Gained mutation: When hurt, damage is shared between your
                  | health and your magic reserves. [demonic ancestry]
  5555 | D:7      | Reached XP level 9. HP: 67/67 MP: 9/9
  5604 | D:7      | Found Baaclut's Magic Scroll Shoppe.
  5868 | D:7      | Reached skill level 5 in Fighting
  6355 | D:8      | Reached skill level 6 in Short Blades
  6364 | D:8      | Reached ** piety under Okawaru
  6680 | D:8      | Found a sand-covered staircase.
  6709 | D:8      | Reached skill level 7 in Short Blades
  6713 | Ossuary  | Entered an ossuary
  7060 | D:8      | Reached *** piety under Okawaru
  7373 | D:9      | Noticed Pikel
  7488 | D:9      | Killed Pikel
  7488 | D:9      | Reached skill level 5 in Stealth
  7488 | D:9      | Gained mutation: You are slightly more attuned to the
                  | shadows. [demonic ancestry]
  7488 | D:9      | Reached XP level 10. HP: 74/76 MP: 8/10
  7815 | D:10     | Entered Level 10 of the Dungeon
  7826 | D:10     | Reached **** piety under Okawaru
  7891 | D:10     | Reached skill level 8 in Short Blades
  7907 | D:10     | Reached skill level 5 in Dodging
  8154 | D:10     | Noticed Snorg
  8183 | D:10     | HP: 5/115 [Snorg (1)]
  8183 | D:10     | HP: 2/115 [Snorg (3)]
  8187 | D:10     | Slain by Snorg

Levels and vault maps discovered:
D:1:      matt_arrival_grand_opening, layout_loops_ring
D:2:      layout_basic, uniq_crazy_yiuf_cottage
D:3:      minmay_roachtagon, layout_loops_ring, chequers_serial_rivers_large_a
D:4:      layout_gridville, grunt_temple_overflow_open
D:5:      layout_loops_corners, first_ration, basic_altar, minmay_small_thing
D:6:      layout_cave_pools, temple_green, serial_shops, nicolae_shop_crystal,
          uniq_prince_ribbit1, uniq_duvessa
D:7:      layout_basic, lemuel_round_altar, serial_shops,
          nicolae_shop_waterfront, shop
D:8:      layout_basic, serial_rivers, chequers_serial_rivers_small_3,
          chequers_serial_rivers_room_b, chequers_serial_rivers_micro_c,
          chequers_serial_rivers_micro_b, chequers_serial_rivers_small_b,
          chequers_serial_rivers_micro_a, enter_ossuary_3, grunt_ogre_cave,
          minmay_manual_moon
D:9:      layout_rooms, kennysheep_generic_room_7, uniq_pikel
D:10:     layout_basic, kennysheep_nondescript, uniq_erica, uniq_snorg,
          uniq_harold
Temple:   regret_index_temple_mists

Skill      XL: |  1  2  3  4  5  6  7  8  9 10 |
---------------+-------------------------------+-----
Polearms       | 3 4 5 6 |  6.1
Dodging        | 3 4 5 |  5.1
Stealth        | 1 2 5 |  5.9
Armour         | 1 2 3 |  3.8
Fighting       | 3 4 6 |  6.5
Short Blades   | 1 5 7 8 |  8.0
Shields        | 1 |  1.2
Throwing       | |  1.8

Action                   |  1- 3 |  4- 6 |  7- 9 | 10-12 || total
-------------------------+-------+-------+-------+-------++-------
Melee: Trident           |   121 |   277 |       |       ||   398
       Headbutt          |     9 |    43 |    66 |    14 ||   132
       Pair of quick bla |       |       |   307 |    72 ||   379
  Use: Potion            |       |     2 |       |     5 ||     7
 Stab: Sleeping          |     6 |     2 |    15 |     2 ||    25
       Distracted        |       |       |     2 |       ||     2
  Eat: Chunk             |       |     9 |    12 |     2 ||    23
Armor: Leather armour    |    40 |    74 |    54 |    11 ||   179
       Skin              |       |       |       |    10 ||    10
Dodge: Dodged            |    88 |   141 |   113 |    38 ||   380
Block: Shield            |       |    22 |       |       ||    22

Table legend:
 A = Non-vault XP
 B = Vault XP
 C = Vault XP percentage of total XP
 D = Non-vault monster count
 E = Vault monster count
 F = Vault count percentage of total count
                 A         B        C        D         E       F
            +---------+---------+-------+---------+---------+-------
      Total |    5479 |    1736 |  24.1 |     202 |      60 |  22.9
            +---------+---------+-------+---------+---------+-------
        D:1 |      61 |       0 |   0.0 |      28 |       0 |   0.0
        D:2 |      66 |       0 |   0.0 |      17 |       0 |   0.0
        D:3 |     149 |      18 |  10.8 |      36 |       9 |  20.0
        D:4 |     316 |       0 |   0.0 |      17 |       0 |   0.0
        D:5 |     432 |     118 |  21.5 |      14 |       1 |   6.7
        D:6 |     716 |     479 |  40.1 |      24 |       3 |  11.1
        D:7 |     844 |       0 |   0.0 |      21 |       0 |   0.0
        D:8 |    1495 |     231 |  13.4 |      21 |       5 |  19.2
        D:9 |     323 |     743 |  69.7 |       5 |       3 |  37.5
       D:10 |    1077 |       0 |   0.0 |      19 |       0 |   0.0
    Ossuary |       0 |     147 | 100.0 |       0 |      39 | 100.0
            +---------+---------+-------+---------+---------+-------
